 Dungeon Crawl Stone Soup version 0.28.0 (webtiles) character file.

Game seed: 12169926051621832579

95 Minsecho the Skirmisher (level 4, 0/75 HPs)
             Began as an Ogre Berserker on Feb 16, 2022.
             Was a Believer of Trog.
             Succumbed to an adder's poison
             ... on level 3 of the Dungeon.
             The game lasted 00:03:27 (2470 turns).

Minsecho the Skirmisher (Ogre Berserker)            Turns: 2470, Time: 00:03:27

Health: 0/75       AC:  3    Str: 21    XL:     4   Next: 66%
Magic:  4/4        EV: 10    Int:  8    God:    Trog [**....]
Gold:   94         SH:  0    Dex: 10    Spells: 3/3 levels left

rFire   . . .      SeeInvis .   a - +0 mace
rCold   . . .      Faith    .   (no shield)
rNeg    . . .      Spirit   .   b - +0 animal skin
rPois   .          Reflect  .   (helmet restricted)
rElec   .          Harm     .   e - scarf {repulsion}
rCorr   .          Rampage  .   (gloves unavailable)
Will    .....                   (boots unavailable)
Stlth   ..........              (no amulet)
HPRegen 0.22/turn               (no ring)
MPRegen 0.09/turn               (no ring)

@: berserking (expiring), lethally poisoned (0 -> -2), repel missiles, very
quick
A: large, unfitting armour, tough skin 1
a: Renounce Religion, Berserk, Trog's Hand


You were on level 3 of the Dungeon.
You worshipped Trog.
Trog was pleased with you.
You visited 1 branch of the dungeon, and saw 3 of its levels.

You collected 94 gold pieces.

Inventory:

Hand Weapons
 a - a +0 mace (weapon)
Missiles
 h - 2 throwing nets (quivered)
Armour
 b - a +0 animal skin (worn)
 e - a scarf of repulsion (worn)
Scrolls
 f - 5 scrolls of identify {unknown}
 g - a scroll of amnesia {unknown}
 j - 3 scrolls of blinking {unknown}
 l - a scroll of torment {unknown}
 m - a scroll of teleportation {unknown}
Potions
 c - 3 potions of curing {unknown}
 d - a potion of resistance {unknown}
 i - a potion of mutation {unknown}
 k - a potion of attraction {unknown}


   Skills:
 + Level 5.1 Fighting
 + Level 3.6 Maces & Flails
 + Level 3.3 Dodging
 + Level 0.1 Stealth


You had 3 spell levels left.
You didn't know any spells.
Your spell library was empty.

Dungeon Overview and Level Annotations

Branches:
Dungeon (3/15)

Altars:

Shops:
D:1 (=*[(


Innate Abilities, Weirdness & Mutations

You are too large for most types of armour.
You have tough skin. (AC +1)


Message History

You miss the adder.
The adder is almost dead.
* * * LOW HITPOINT WARNING * * *
You feel sick. The adder bites you but does no damage.
You sock the adder!
You kill the adder!
Trog accepts your kill.
* * * LOW HITPOINT WARNING * * *
You feel sick. The bat hits you.
* * * LOW HITPOINT WARNING * * *
You closely miss the bat.
* * * LOW HITPOINT WARNING * * *
You feel sick. The bat barely misses you.
You closely miss the bat.
* * * LOW HITPOINT WARNING * * *
You feel sick. The bat barely misses you.
You thump the bat!
You kill the bat!
Trog accepts your kill.
* * * LOW HITPOINT WARNING * * *
You feel sick.
You sock the dart slug!
You kill the dart slug!
Trog accepts your kill.
* * * LOW HITPOINT WARNING * * *
You feel sick.
You closely miss the rat.
* * * LOW HITPOINT WARNING * * *
You feel sick.
You closely miss the rat.
* * * LOW HITPOINT WARNING * * *
You feel sick. The rat closely misses you.
You barely miss the rat.
* * * LOW HITPOINT WARNING * * *
You feel sick. The rat misses you.
You barely miss the rat. The rat misses you.
You sock the rat!
You kill the rat!
Trog accepts your kill.
You die...

#.....##
....###..#
....# ##.#
#.# #.#
#.####.#
#.##...#
###.##.#.# ##
#...#..#.#
...
#@##..##..
....
#†##.###..#
....w #....#
#..#
......##.####
#... #......#
#.#. #......#
#......#
........#
#.#......#


There were no monsters in sight!

Vanquished Creatures
  A gnoll (D:1)
  4 adders
  2 dart slugs
  3 endoplasms
  2 giant cockroaches (D:1)
  2 goblins (D:2)
  3 hobgoblins
  6 jackals (D:2)
  4 kobolds
  2 quokkas (D:1)
  6 ball pythons
  6 bats
  2 frilled lizards
  6 rats
49 creatures vanquished.

Notes
Turn   | Place    | Note
-------+----------+-------------------------------------------
     0 | D:1      | Minsecho the Ogre Berserker began the quest for the Orb.
     0 | D:1      | Reached XP level 1. HP: 24/24 MP: 1/1
   258 | D:1      | Found Gaoxed's Jewellery Emporium.
   274 | D:1      | Reached XP level 2. HP: 14/33 MP: 2/2
   684 | D:1      | Found Ywye's Antique Armour Emporium.
   703 | D:1      | Found Qeodydann's Antique Weapon Boutique.
   709 | D:1      | Reached XP level 3. HP: 40/40 MP: 3/3
   806 | D:1      | Found Daatwod's General Store.
   921 | D:1      | Found Osunkuin's Antique Weapon Shoppe.
  1036 | D:2      | Reached ** piety under Trog
  1088 | D:1      | HP: 2/41 [poisoned by an adder]
  1551 | D:2      | Reached XP level 4. HP: 49/49 MP: 4/4
  1950 | D:2      | Reached skill level 5 in Fighting
  2040 | D:2      | Found a faded altar of an unknown god.
  2465 | D:3      | HP: 3/75 [poisoned by an adder]
  2467 | D:3      | HP: 1/75 [poisoned by an adder]
  2470 | D:3      | Succumbed to an adder's poison

Illustrated notes

Levels and vault maps discovered:
D:1:      scummos_arrival_gate, layout_basic, serial_shops, shop, shop,
          nicolae_lakefront_shop, shop,
          nicolae_shop_temple_entry_statues_fountains, minmay_pentomino_u2
D:2:      layout_basic, nicolae_ecumenical_oubliette, minmay_diced_spiral
D:3:      layout_rooms, kennysheep_big_empty_room, uniq_grinder

Skill      XL: |  1  2  3  4 |
---------------+-------------+-----
Maces & Flails | 3 |  3.6
Dodging        | 3 |  3.3
Fighting       | 5 |  5.1
Stealth        | |  0.1

Action                   |  1- 3 |  4- 6 || total
-------------------------+-------+-------++-------
Melee: Mace              |    76 |    70 ||   146
       Punch             |       |     1 ||     1
Invok: Berserk           |     2 |     1 ||     3
Armor: Animal skin       |    30 |    23 ||    53
Dodge: Dodged            |    59 |    41 ||   100
